 Dungeon Crawl Stone Soup version 0.17-a0-1545-gc1bb672 (webtiles) character file.

191 Gorice the Scratcher (level 5, -2/24 HPs)
             Began as a Felid Wanderer on July 18, 2015.
             Slain by an adder (3 damage)
             ... on level 5 of the Dungeon.
             The game lasted 00:32:55 (6592 turns).

Gorice the Scratcher (Felid Wanderer)               Turns: 6592, Time: 00:32:55

Health: -2/24      AC:  1    Str: 10    XL:     5   Next: 41%
Magic:  0/6        EV: 18    Int: 12    God:
Gold:   135        SH:  0    Dex: 16    Spells: 2 memorised, 2 levels left
                                        Lives:  0   Deaths: 1

rFire  . . .     SeeInvis +       - Unarmed
rCold  . . .     Clarity  .     (armour unavailable)
rNeg   + . .     SustAt   .     (shield unavailable)
rPois  .         Gourm    .     (helmet unavailable)
rElec  .         Spirit   .     (cloak unavailable)
rCorr  .         Warding  .     (gloves unavailable)
rMut   .         Stasis   .     (boots unavailable)
MR     .....                    (no amulet)
Stlth  +++.......               (no ring)
                                u - ring of positive energy

@: very slightly contaminated, quick, not resistant to hostile enchantments,
fairly stealthy
A: no armour, no weapons or thrown items, claws 1, fangs 3, see invisible,
carnivore 3, speed 1, shaggy fur 1, slow metabolism 1, sharp paws
a: no special abilities


You were on level 5 of the Dungeon.
You were very full.

You visited 1 branch of the dungeon, and saw 5 of its levels.

You collected 135 gold pieces.

Inventory:

Missiles
 Z - 191 stones
Jewellery
 n - an uncursed amulet of stasis
 u - a ring of positive energy (left paw)
Magical devices
 r - a wand of invisibility (3)
Scrolls
 e - 5 scrolls of remove curse
 l - a scroll of amnesia
 p - a scroll of fear {!r}
 t - a scroll of teleportation {!r}
Potions
 a - a potion of degeneration {unknown}
 f - 2 potions of brilliance {unknown}
 h - 2 potions of cancellation {!q}
 i - a potion of agility {unknown}
 j - 2 potions of curing
 o - 2 potions of haste {unknown}
 q - a potion of ambrosia {unknown}
 s - a potion of resistance {unknown}
Books
 b - the Volume of Stones

   Spells                             Type                      Level
   a - Sandblast                      Earth                        1
   b - Stone Arrow                    Conjuration/Earth            3
 c - the Papyrus of Evil Rites

   Spells                             Type                      Level
   a - Animate Skeleton               Necromancy                   1
   b - Pain                           Necromancy                   1
Comestibles
 d - 4 meat rations {!e}
 g - a beef jerky


   Skills:
 - Level 3.2 Fighting
 - Level 3.0 Dodging
 - Level 2.6 Stealth
 + Level 5.6 Unarmed Combat
   Level 1.5 Hexes
 + Level 2.8 Necromancy


You had 2 spell levels left.
You knew the following spells:

 Your Spells              Type           Power        Failure   Level  Hunger
a - Pain                  Necr           #...         12%         1    ##.....
b - Animate Skeleton      Necr           N/A          12%         1    ##.....


Dungeon Overview and Level Annotations

Branches:
Dungeon (5/15)
 Temple: D:4-7

Altars:
Ashenzari
Makhleb
Trog

Annotations:
D:4 pUX: phantom + ogre
D:5 exclusion: ice beast


Innate Abilities, Weirdness & Mutations

You cannot wear armour.
You are incapable of wielding weapons or throwing items.
You have sharp claws.
You have razor-sharp teeth.
You have supernaturally acute eyesight.
You are carnivorous and can eat meat at any time.
You cover ground quickly.
You are covered in fur (AC +1).
You have a slow metabolism.
Your sharp claws are effective at attacking unaware monsters.


Message History

Press: ? - help, Shift-Dir - straight line, f/p - orc
Aim: an orc, wielding a hand axe of freezing and wearing a ring mail (heavily wounded, chance to defeat MR: 68%)
The orc convulses in agony!
You kill the orc!
Damage: 1 (max 12)
Casting: Pain
Confirm with . or Enter, or press ? or * to list all spells.
Aiming: Pain
Press: ? - help, Shift-Dir - straight line, f - orc
Aim: an orc, wielding a flail (chance to defeat MR: 68%)
You miscast Pain.
You are very lightly contaminated with residual magic.
You smell decay.
Casting: Pain
Confirm with . or Enter, or press ? or * to list all spells.
Aiming: Pain
Press: ? - help, Shift-Dir - straight line, f/p - orc
Aim: an orc, wielding a flail (chance to defeat MR: 68%)
The orc convulses in agony!
Damage: 1 (max 12)
Casting: Pain
Confirm with . or Enter, or press ? or * to list all spells.
Aiming: Pain
Press: ? - help, Shift-Dir - straight line, f/p - orc
Aim: an orc, wielding a flail (severely wounded, chance to defeat MR: 68%)
The orc wizard convulses in agony!
You kill the orc wizard!
Damage: 1 (max 12)
Casting: Pain
Confirm with . or Enter, or press ? or * to list all spells.
Aiming: Pain
Press: ? - help, Shift-Dir - straight line, f/p - orc
Aim: an orc, wielding a flail (severely wounded, chance to defeat MR: 68%)
The orc convulses in agony!
You kill the orc!
A shadow imp comes into view.
Damage: 1 (max 12)
An adder comes into view.
The adder moves out of view.
There is an escape hatch in the ceiling here.
Casting: Pain
Confirm with . or Enter, or press ? or * to list all spells.
Aiming: Pain
Press: ? - help, Shift-Dir - straight line, f - adder
Aim: an adder (chance to defeat MR: 60%)
The adder resists with significant effort.
The adder misses you.
Damage: 1 (max 1)
You miss the adder. The adder bites you.
You die...

#.......+
#.........
#.#.######
#.###
##.########
#.........#
##.#.####.#
#####.#.####.##
#.....@.#......
#.###.S.......#
#.#.#.##..#
#5#.#.##..#
#.........#
#.#.#####.#
#.#.# #.#
#.###.#.#####.#
#........)).5.#


You could see an adder and a shadow imp.

Vanquished Creatures
  An orc priest (D:4)
  2 orc wizards
  A hound (D:5)
  Jessica (D:2)
  3 adders
  A gnoll (D:5)
  An ooze (D:2)
  A worm (D:2)
  5 giant geckos
  13 orcs
  A bat skeleton (D:4)
  4 giant cockroaches
  13 goblins
  13 hobgoblins
  A ball python (D:1)
  11 bats
  3 giant newts
  6 jackals (D:1)
  11 kobolds
  3 quokkas
  5 rats
100 creatures vanquished.

Vanquished Creatures (collateral kills)
  An adder (D:2)
  A bat skeleton (D:4)
  A giant newt (D:2)
  A rat (D:2)
4 creatures vanquished.

Grand Total: 104 creatures vanquished

Notes
Turn   | Place    | Note
--------------------------------------------------------------
     0 | D:1      | Gorice the Felid Wanderer began the quest for the Orb.
     0 | D:1      | Gorice set off with: a potion of berserk rage, the Volume of Stones, the Papyrus of Evil Rites, a meat ration {!e}
     0 | D:1      | Reached XP level 1. HP: 9/9 MP: 2/2
     0 | D:1      | Identified the Volume of Stones
     0 | D:1      | Identified the Papyrus of Evil Rites
   193 | D:1      | Reached skill level 1 in Dodging
   240 | D:1      | HP: 2/9 [jackal (1)]
   478 | D:1      | Reached XP level 2. HP: 10/13 MP: 3/3
   836 | D:1      | Reached skill level 2 in Dodging
  1159 | D:1      | Reached XP level 3. HP: 14/16 MP: 4/4
  1437 | D:1      | Reached skill level 3 in Dodging
  1461 | D:1      | Learned a level 1 spell: Animate Skeleton
  1463 | D:1      | Learned a level 1 spell: Pain
  1728 | D:1      | Noticed a scorpion
  1861 | D:2      | Noticed Jessica
  1863 | D:2      | Killed Jessica
  1863 | D:2      | Reached skill level 4 in Unarmed Combat
  1863 | D:2      | Reached XP level 4. HP: 19/19 MP: 5/5
  2547 | D:3      | Found a bloodstained altar of Trog.
  3642 | D:4      | Reached XP level 5. HP: 24/24 MP: 6/6
  3645 | D:4      | Found a burning altar of Makhleb.
  3659 | D:4      | Reached skill level 3 in Fighting
  4270 | D:4      | Noticed a phantom
  4348 | D:4      | Noticed an ogre
  4418 | D:4      | Noticed an ogre
  4652 | D:4      | HP: 4/24 [orc wizard/magic dart (6)]
  4905 | D:4      | HP: 4/24 [orc wizard/puff of frost (10)]
  4906 | D:4      | Reached skill level 5 in Unarmed Combat
  5944 | D:5      | Entered Level 5 of the Dungeon
  5946 | D:5      | Noticed an ice beast
  5971 | D:5      | Found a shattered altar of Ashenzari.
  6357 | D:5      | Noticed a phantom
  6426 | D:5      | Noticed an ogre
  6430 | D:5      | Slain by an ogre
  6431 | D:5      | Reached XP level 4. HP: -3/21 MP: 5/5
  6487 | D:5      | Reached XP level 5. HP: 19/24 MP: 2/6
  6560 | D:5      | HP: 5/24 [orc wizard/magic dart (7)]
  6592 | D:5      | Slain by an adder

Vault maps used:
D:1:      dpeg_arrival_pond
D:2:      uniq_jessica
D:3:      bloody_trog
D:4:      nicolae_overflow_hidden_temple, first_bread
D:5:      lemuel_coloured_pillars_altar, ashenzari_conservatory_becter

Action                   |  1- 3 |  4- 6 || total
-------------------------+-------+-------++-------
Melee: Unarmed           |    93 |   155 ||   248
 Cast: Pain              |    10 |    46 ||    56
       Animate Skeleton  |       |    27 ||    27
  Use: Scroll            |     6 |     6 ||    12
       Potion            |       |     1 ||     1
 Stab: Sleeping          |     3 |    14 ||    17
       Distracted        |     1 |     3 ||     4
  Eat: Chunk             |    10 |    16 ||    26

Table legend:
 A = Turns spent in this place as a percentage of turns spent in the entire game.
 B = Non-inter-level travel turns spent in this place as a percentage of non-inter-level travel turns spent in the entire game.
 C = Inter-level travel turns spent in this place as a percentage of turns spent in this place.
 D = Turns resting spent in this place as a percentage of non-inter-level travel turns spent in this place.
 E = Turns spent auto-exploring this place as a percentage of non-inter-level travel turns spent in this place.
 F = Non-inter-level travel turns spent in this place divided by the number of levels of this place that you've seen.
                   A       B       C       D       E      F
               +-------+-------+-------+-------+-------+----------------------
         Total | 100.0 | 100.0 |   0.2 |   3.7 |   3.7 | 482.0
       Dungeon | 100.0 | 100.0 |   0.2 |   3.7 |   3.7 | 482.0
               +-------+-------+-------+-------+-------+----------------------

Vault maps used:
D:1:      dpeg_arrival_pond
D:2:      uniq_jessica
D:3:      bloody_trog
D:4:      nicolae_overflow_hidden_temple, first_bread
D:5:      lemuel_coloured_pillars_altar, ashenzari_conservatory_becter
